Map: 카이로스 정션 - 래더

Players

SpeCial

  • Race: Terran Terran
  • Spawn Location: 11:00

herO - Winner!

  • Race: Protoss Protoss
  • Spawn Location: 5:00

Event: IEM Season 13: Katowice (2019)

VOD

Have the link to the VOD?

Description

Time

  • Played on: Feb. 28, 2019, 6:32 a.m.
  • Length: 4:48

All games in this series

Show
View Real Time Build Order
Export as new Build Order

SpeCial Terran 

Build Orders:  

Get SALT Encoding   

  12  0:00  SCV  
  13  0:12  SCV  
  14  0:17  Supply Depot  
  14  0:24  SCV  
  15  0:39  Barracks  
  15  0:48  Barracks  
  15  0:52  SCV  
  16  0:57  Refinery  
  16  1:04  SCV  
  17  1:16  SCV  
  18  1:30  Orbital Command  
  18  1:32  Barracks Tech Lab  
  18  1:39  Supply Depot  
  18  1:48  Marine  
  18  1:51  Marauder  
  21  1:59  Concussive Shells  
  21  2:01  SCV  
  22  2:06  Marine  
  23  2:13  Supply Depot  
  23  2:14  Marauder  
  25  2:15  SCV  
  26  2:23  Marine  
  26  2:28  SCV  
  28  2:35  Marauder  
  30  2:40  SCV  
  30  2:41  Marine  
  32  2:52  SCV  
  32  2:55  Bunker  
  33  2:59  Marauder  
  33  3:04  SCV  
  36  3:14  Supply Depot  
  36  3:18  Bunker  
  36  3:19  SCV  
  37  3:21  Marauder  
  37  3:22  Marine  
  36  3:31  SCV  
  35  3:41  Marine  
  32  3:43  Marauder, SCV  
  32  4:01  Marine  
  31  4:04  SCV  
  34  4:10  Marauder  
  35  4:17  Command Center, SCV  
  35  4:19  Marine  
  36  4:28  Factory  
  36  4:29  Refinery, SCV  
Show
View Real Time Build Order
Export as new Build Order

herO Protoss - Winner!

Build Orders: 1 Gate Expand 

Get SALT Encoding   

  12  0:00  Probe  
  13  0:12  Probe  
  14  0:17  Pylon  
  14  0:23  Probe  
  15  0:32  Probe  
  15  0:37  Gateway  
  15  0:40  Probe  
  16  0:46  Assimilator  
  17  0:51  Probe  
  18  1:03  Probe  
  19  1:15  Probe  
  20  1:25  Cybernetics Core  
  20  1:33  Nexus  
  20  1:39  Pylon  
  20  1:41  Probe  
  21  1:47  Assimilator  
  21  1:52  Adept  
  21  1:53  Probe  
  22  1:55  Warp Gate  
  22  2:05  Probe  
  25  2:18  Probe  
  25  2:21  Stalker  
  27  2:30  Probe  
  27  2:34  Robotics Facility  
  28  2:46  Stalker  
  28  2:48  Gateway  
  28  2:51  Gateway  
  30  3:01  Shield Battery  
  30  3:03  Pylon  
  30  3:08  Stalker  
  30  3:11  Pylon  
  24  3:46  Stalker  
  25  3:49  Probe x2  
  25  4:01  Probe x2  
  25  4:09  Stalker  
  26  4:13  Probe, Pylon  
  26  4:14  Probe  
  28  4:26  Probe x2  
  29  4:33  Stalker  
  31  4:40  Stalker  
  31  4:44  Stalker  

Tags
 
Add a new tag
Caveats
  • Supply blocks, unpowered buildings, or Contaminate may cause inaccurate times.
  • Supply counts are checked every 10 seconds.